[Event "Halifax Summer op"]
[Site "Halifax CAN"]
[Date "2019.06.29"]
[Round "2.4"]
[White "Uppal, Neil"]
[Black "Poirier, David"]
[Result "0-1"]
[ECO "D02"]
[WhiteElo "1449"]
[BlackElo "1755"]
[PlyCount "158"]
[EventDate "2019.05.28"]
[EventType "swiss"]
[EventRounds "5"]
[EventCountry "CAN"]
[TimeControl "2+30"]

1. d4 d5 2. Bf4 e6 3. Nf3 Nf6 4. e3 Bd6 5. Bg3 Ne4 6. Nbd2 Nxg3 7. hxg3 Nd7 8. e4 c6 9. e5 Be7 10. Bd3 h6 11. c3 c5 12. Rc1 Qb6 13. Qc2 c4 14. Be2 Qc6 15. g4 b5 16. g5 Nf8 17. gxh6 Rxh6 18. Rxh6 gxh6 19. b3 Bd7 20. a4 a6 21. Ra1 Rc8 22. axb5 axb5 23. b4 Ra8 24. Qb2 Ra6 25. Ra3 Qa8 26. Nb1 Rxa3 27. Qxa3 Qxa3 28. Nxa3 f5 29. g3 Kf7 30. Nd2 Bg5 31. f4 Be7 32. Kf2 Kg6 33. Kg2 h5 34. Kh3 Kh6 35. Nf3 Ng6 36. Nc2 h4 37. Nxh4 Bxh4 38. Bd1 Be7 39. Be2 Bd8 40. Bd1 Be8 41. Na3 Ne7 42. g4 fxg4+ 43. Bxg4 Nf5 44. Nc2 Kg6 45. Kh2 Bh4 46. Kh3 Be7 47. Kh2 Bd7 48. Kh3 Nh6 49. Bf3 Nf5 50. Bg4 Kh6 51. Kh2 Ng7 52. Ne3 Bc6 53. Nc2 Nh5 54. Bxe6 Nxf4 55. Bg4 Bg5 56. Ne3 Kg7 57. Nf5+ Kf8 58. Nd6 Ke7 59. Nc8+ Kd8 60. Nd6 Be7 61. Nf5 Nd3 62. Ng3 Nf2 63. Bf3 Ne4 64. Ne2 Bg5 65. Kg2 Nd2 66. Bg4 Bd7 67. e6 Bc8 68. Kg3 Ke7 69. Nf4 Bxf4+ 70. Kxf4 Bxe6 71. Bh5 Ne4 72. Bf3 Nxc3 73. Ke5 Kd7 74. Bh5 Bg8 75. Bf3 Kc6 76. Bh5 Na2 77. Be8+ Kb6 78. Kf6 Nxb4 79. Bd7 Bh7 0-1

[Event "Halifax Summer op"]
[Site "Halifax CAN"]
[Date "2019.06.29"]
[Round "3.1"]
[White "Poirier, David"]
[Black "MacNeil, Walter"]
[Result "1/2-1/2"]
[ECO "D10"]
[WhiteElo "1755"]
[BlackElo "1715"]
[PlyCount "90"]
[EventDate "2019.05.28"]
[EventType "swiss"]
[EventRounds "5"]
[EventCountry "CAN"]
[TimeControl "2+30"]

1. d4 d5 2. c4 c6 3. e3 dxc4 4. Bxc4 b5 5. Be2 Bf5 6. Bd3 Bxd3 7. Qxd3 Nd7 8. Nf3 Ngf6 9. O-O e6 10. Nc3 a5 11. Bd2 Bd6 12. Ne4 Nxe4 13. Qxe4 Rc8 14. Rac1 Qb6 15. Rfd1 Nf6 16. Qd3 O-O 17. e4 Be7 18. h3 c5 19. Bg5 c4 20. Qe2 Rfe8 21. e5 Nd5 22. Bxe7 Rxe7 23. Qe4 h6 24. g4 Qc6 25. g5 Nb4 26. Qxc6 Rxc6 27. a3 Nd5 28. gxh6 gxh6 29. Kh2 f5 30. exf6 Nxf6 31. Rg1+ Rg7 32. Rxg7+ Kxg7 33. Rg1+ Kh7 34. Re1 b4 35. axb4 axb4 36. Ra1 c3 37. bxc3 bxc3 38. Ra7+ Kg8 39. Ra8+ Kg7 40. Ra7+ Kf8 41. Ra8+ Ke7 42. Ne5 Rc7 43. Nd3 Nd5 44. Ra1 Rc4 45. Ne5 Rc7 1/2-1/2

[Event "Halifax Summer op"]
[Site "Halifax CAN"]
[Date "2019.06.29"]
[Round "3.2"]
[White "Ferreira, Paulo"]
[Black "Kapra, Jerjis"]
[Result "1/2-1/2"]
[ECO "A12"]
[WhiteElo "1818"]
[BlackElo "1658"]
[PlyCount "67"]
[EventDate "2019.05.28"]
[EventType "swiss"]
[EventRounds "5"]
[EventCountry "CAN"]
[TimeControl "2+30"]

1. Nf3 d5 2. c4 c6 3. b3 Bg4 4. g3 Nd7 5. Bg2 Ngf6 6. Bb2 e6 7. O-O Be7 8. d3 O-O 9. Nbd2 Qb6 10. Qc2 h6 11. a3 a5 12. Rac1 Rad8 13. Rfe1 Bc5 14. d4 Be7 15. c5 Qc7 16. b4 axb4 17. axb4 Bf5 18. Qb3 Ne4 19. Nxe4 Bxe4 20. Nd2 Bxg2 21. Kxg2 f5 22. Nf3 g5 23. e3 Bf6 24. Rc2 e5 25. dxe5 Bxe5 26. Nxe5 Nxe5 27. Qc3 Ng6 28. Rd1 Rde8 29. Re1 Qe5 30. Qxe5 Nxe5 31. Bxe5 Rxe5 32. Ra1 Ree8 33. Ra7 Rf7 34. Rca2 1/2-1/2

[Event "Halifax Summer op"]
[Site "Halifax CAN"]
[Date "2019.06.29"]
[Round "3.3"]
[White "MacNeil, Conrad"]
[Black "Turner, Peter"]
[Result "0-1"]
[ECO "B62"]
[WhiteElo "1684"]
[BlackElo "1978"]
[PlyCount "59"]
[EventDate "2019.05.28"]
[EventType "swiss"]
[EventRounds "5"]
[EventCountry "CAN"]
[TimeControl "2+30"]

1. e4 c5 2. Bc4 e6 3. Nc3 Nc6 4. Nf3 d6 5. d4 cxd4 6. Nxd4 Nf6 7. Bg5 Be7 8. O-O a6 9. Nxc6 bxc6 10. Bb3 O-O 11. Re1 Qc7 12. Qe2 Bb7 13. Rad1 h6 14. Bh4 Rfe8 15. Rd3 d5 16. Bg3 Qa5 17. Red1 Bf8 18. f3 Nh5 19. f4 Nxg3 20. Rxg3 c5 21. a3 Rad8 22. Ba4 Re7 23. b3 dxe4 24. Re1 f5 25. Qh5 Rd2 26. h4 Qd8 27. Qxh6 Qd4+ 28. Kh2 Qf2 29. Ree3 Qxe3 30. Kh1 0-1

[Event "Halifax Summer op"]
[Site "Halifax CAN"]
[Date "2019.06.29"]
[Round "3.4"]
[White "Saunders, Stephen"]
[Black "Parker, Laurie"]
[Result "1/2-1/2"]
[ECO "E81"]
[WhiteElo "1837"]
[BlackElo "1513"]
[PlyCount "40"]
[EventDate "2019.05.28"]
[EventType "swiss"]
[EventRounds "5"]
[EventCountry "CAN"]
[TimeControl "2+30"]

1. d4 Nf6 2. c4 g6 3. f3 Bg7 4. e4 d6 5. Nc3 O-O 6. Bg5 h6 7. Be3 Nbd7 8. Nh3 c6 9. Nf2 e5 10. d5 c5 11. Qd2 h5 12. Be2 a6 13. O-O Nh7 14. Bh6 Ndf6 15. Be3 Bd7 16. a3 Rb8 17. b4 b6 18. Rab1 Kh8 19. bxc5 bxc5 20. Rxb8 Qxb8 1/2-1/2

[Event "Halifax Summer op"]
[Site "Halifax CAN"]
[Date "2019.06.30"]
[Round "4.1"]
[White "Kapra, Jerjis"]
[Black "Heran-Boily, Samuel"]
[Result "1-0"]
[ECO "C45"]
[WhiteElo "1658"]
[BlackElo "1790"]
[PlyCount "135"]
[EventDate "2019.05.28"]
[EventType "swiss"]
[EventRounds "5"]
[EventCountry "CAN"]
[TimeControl "2+30"]

1. e4 e5 2. Nf3 Nc6 3. d4 exd4 4. Nxd4 Bc5 5. Be3 Qf6 6. c3 Nge7 7. Bc4 a6 8. O-O O-O 9. f4 d6 10. Kh1 b5 11. Be2 Bb7 12. Qd3 Rfe8 13. Nd2 Ng6 14. Bf3 Nh4 15. Bh5 Ng6 16. Bf3 Nh4 17. Bh5 Ng6 18. g3 Nxd4 19. cxd4 Bb4 20. Bf3 Qe7 21. e5 Bxf3+ 22. Rxf3 dxe5 23. fxe5 Qe6 24. Qb3 Ba5 25. Raf1 Re7 26. Qxe6 fxe6 27. Nb3 Bb6 28. Rc1 Rf8 29. Kg2 Rxf3 30. Kxf3 Rf7+ 31. Ke4 Rd7 32. Nc5 Bxc5 33. Rxc5 Ne7 34. Bg5 Nd5 35. Rc6 Nb4 36. Rxe6 Kf7 37. d5 h6 38. Be3 Rxd5 39. Rxa6 Rxe5+ 40. Kxe5 Nxa6 41. a3 Nb8 42. Kd5 Ke7 43. Kc5 b4 44. Kxb4 Nc6+ 45. Kb5 Kd7 46. a4 g5 47. a5 Ne5 48. a6 c6+ 49. Kb6 Nc4+ 50. Kb7 Nd6+ 51. Kb8 Nb5 52. a7 Nc7 53. a8=Q Nxa8 54. Kxa8 Kd6 55. Kb7 Kd5 56. Kb6 Kd6 57. g4 Kd5 58. Bd2 Ke4 59. Kxc6 Kf3 60. b4 Kg2 61. b5 Kxh2 62. b6 Kg3 63. b7 Kxg4 64. b8=Q Kf5 65. Qh2 Kg6 66. Kd6 h5 67. Ke6 g4 68. Qh4 1-0

[Event "Halifax Summer op"]
[Site "Halifax CAN"]
[Date "2019.06.30"]
[Round "4.2"]
[White "Turner, Peter"]
[Black "MacNeil, Walter"]
[Result "0-1"]
[ECO "D13"]
[WhiteElo "1978"]
[BlackElo "1715"]
[PlyCount "70"]
[EventDate "2019.05.28"]
[EventType "swiss"]
[EventRounds "5"]
[EventCountry "CAN"]
[TimeControl "2+30"]

1. d4 d5 2. c4 c6 3. cxd5 cxd5 4. Nc3 Nf6 5. Nf3 Nc6 6. g3 Bf5 7. Bg2 e6 8. O-O h6 9. a3 Bd6 10. b4 Rc8 11. Bb2 O-O 12. Re1 a5 13. b5 Qb6 14. bxc6 Qxb2 15. Na4 Qb5 16. cxb7 Qxb7 17. Ra2 Qc7 18. Qd2 Ne4 19. Qd1 Qc4 20. Ra1 Nc3 21. Nxc3 Qxc3 22. a4 Bc2 23. Qc1 Bb4 24. e3 Qb3 25. Re2 Bd3 26. Qb2 Qxb2 27. Rxb2 Bc3 28. Rb3 Bxa1 29. Rxd3 Rc1+ 30. Bf1 Rb8 31. Kg2 Rb4 32. Ra3 f6 33. Bb5 Bc3 34. g4 Rb2 35. Bd3 Bb4 0-1

[Event "Halifax Summer op"]
[Site "Halifax CAN"]
[Date "2019.06.30"]
[Round "4.3"]
[White "Evoy, Darin"]
[Black "Saunders, Stephen"]
[Result "0-1"]
[ECO "A85"]
[WhiteElo "1500"]
[BlackElo "1837"]
[PlyCount "48"]
[EventDate "2019.05.28"]
[EventType "swiss"]
[EventRounds "5"]
[EventCountry "CAN"]
[TimeControl "2+30"]

1. d4 f5 2. c4 Nf6 3. Nc3 g6 4. Nf3 Bg7 5. Bg5 O-O 6. Bxf6 Bxf6 7. e4 fxe4 8. Nxe4 d5 9. Nc3 dxc4 10. Bxc4+ Kh8 11. Qd2 Nc6 12. d5 Ne5 13. Nxe5 Bxe5 14. h3 a6 15. a4 Bf5 16. g4 Bd7 17. Qe2 Bg7 18. h4 Rf4 19. f3 Qf8 20. Rh3 Qf6 21. O-O-O Rf8 22. Ne4 Rxe4 23. fxe4 Bxg4 24. e5 Qf4+ 0-1

[Event "Halifax Summer op"]
[Site "Halifax CAN"]
[Date "2019.06.30"]
[Round "4.4"]
[White "Sullivan, Madoc"]
[Black "Cashin, Ken"]
[Result "0-1"]
[ECO "E11"]
[WhiteElo "1724"]
[BlackElo "1765"]
[PlyCount "94"]
[EventDate "2019.05.28"]
[EventType "swiss"]
[EventRounds "5"]
[EventCountry "CAN"]
[TimeControl "2+30"]

1. d4 Nf6 2. c4 e6 3. Nf3 Bb4+ 4. Bd2 Qe7 5. e3 Nc6 6. a3 Bxd2+ 7. Nbxd2 d6 8. Bd3 O-O 9. O-O e5 10. Qc2 h6 11. h3 Re8 12. Ne4 exd4 13. Nxf6+ Qxf6 14. exd4 Nxd4 15. Nxd4 Qxd4 16. Rad1 Qf6 17. Rfe1 Bd7 18. Be4 Bc6 19. b4 Bxe4 20. Rxe4 Re5 21. Rde1 Rae8 22. f4 Rxe4 23. Rxe4 Rxe4 24. Qxe4 c6 25. Kh2 Qe6 26. Qd4 b6 27. a4 c5 28. bxc5 dxc5 29. Qd3 Qe8 30. Qc2 Qe3 31. Qf5 Qe6 32. Qd3 Qe8 33. Qc2 g6 34. Qd1 Qe4 35. Qc1 Kg7 36. Kg3 h5 37. Qc3+ Kh7 38. Qc1 Qd4 39. Kh2 Qd3 40. h4 Qb3 41. Qa1 Qxc4 42. Qf6 Qe6 43. Qd8 a5 44. Qc7 Kg7 45. g3 c4 46. Kg2 Qd5+ 47. Kh3 Qh1# 0-1

[Event "Halifax Summer op"]
[Site "Halifax CAN"]
[Date "2019.06.30"]
[Round "5.1"]
[White "MacNeil, Walter"]
[Black "Kapra, Jerjis"]
[Result "1/2-1/2"]
[ECO "D05"]
[WhiteElo "1715"]
[BlackElo "1658"]
[PlyCount "22"]
[EventDate "2019.05.28"]
[EventType "swiss"]
[EventRounds "5"]
[EventCountry "CAN"]
[TimeControl "2+30"]

1. d4 Nf6 2. Nf3 e6 3. e3 c5 4. Bd3 Nc6 5. O-O d5 6. b3 Bd7 7. Bb2 Bd6 8. Nbd2 cxd4 9. exd4 Rc8 10. a3 O-O 11. Ne5 Qb6 1/2-1/2

[Event "Halifax Summer op"]
[Site "Halifax CAN"]
[Date "2019.06.30"]
[Round "5.2"]
[White "Heran-Boily, Samuel"]
[Black "Saunders, Stephen"]
[Result "1/2-1/2"]
[ECO "B50"]
[WhiteElo "1790"]
[BlackElo "1837"]
[PlyCount "61"]
[EventDate "2019.05.28"]
[EventType "swiss"]
[EventRounds "5"]
[EventCountry "CAN"]
[TimeControl "2+30"]

1. e4 c5 2. Nf3 d6 3. Bc4 e6 4. O-O Nf6 5. Re1 Be7 6. c3 O-O 7. d4 Nc6 8. Bg5 cxd4 9. Nxd4 Qb6 10. Bb3 a6 11. Na3 Nxd4 12. cxd4 h6 13. Bh4 Qd8 14. Rc1 b5 15. d5 e5 16. Nc2 Bb7 17. f3 Qd7 18. Ne3 Rfc8 19. Nf5 Bd8 20. Qd2 Kh7 21. g4 Ng8 22. Bf2 g6 23. Ne3 Bg5 24. h4 Bf4 25. Qa5 Nf6 26. Rxc8 Rxc8 27. Ng2 g5 28. Nxf4 gxf4 29. Kf1 Nxg4 30. fxg4 Qxg4 31. Bd1 1/2-1/2

[Event "Halifax Summer op"]
[Site "Halifax CAN"]
[Date "2019.06.30"]
[Round "5.3"]
[White "Cashin, Ken"]
[Black "Ferreira, Paulo"]
[Result "1/2-1/2"]
[ECO "B03"]
[WhiteElo "1765"]
[BlackElo "1818"]
[PlyCount "144"]
[EventDate "2019.05.28"]
[EventType "swiss"]
[EventRounds "5"]
[EventCountry "CAN"]
[TimeControl "2+30"]

1. e4 Nf6 2. e5 Nd5 3. d4 d6 4. c4 Nb6 5. exd6 exd6 6. Be3 Be7 7. Nc3 Nc6 8. Rc1 Bf5 9. Be2 O-O 10. b3 Bf6 11. Nf3 Re8 12. O-O Bg4 13. Qd2 Qd7 14. Rfd1 Rad8 15. h3 Bh5 16. d5 Bxf3 17. Bxf3 Ne5 18. Be2 Ng6 19. Nb5 a6 20. Nd4 Bxd4 21. Bxd4 Qe7 22. Bd3 Qh4 23. Bxg6 hxg6 24. Bxb6 cxb6 25. Re1 Qf6 26. Re2 Re7 27. Rxe7 Qxe7 28. Re1 Qd7 29. Qe3 b5 30. Qe7 bxc4 31. bxc4 b5 32. Qxd7 Rxd7 33. cxb5 axb5 34. Re8+ Kh7 35. Rb8 Ra7 36. Rxb5 Rxa2 37. Rb6 Ra1+ 38. Kh2 Rd1 39. Rxd6 f5 40. g3 g5 41. Kg2 g6 42. h4 gxh4 43. gxh4 Rd4 44. Kg3 Rg4+ 45. Kh3 Rf4 46. Rd7+ Kg8 47. Rc7 Kf8 48. Kg3 Rg4+ 49. Kh3 Rf4 50. Rc2 Rd4 51. Rc6 Kf7 52. d6 Rd3+ 53. Kg2 Rd4 54. Rc7+ Ke8 55. d7+ Rxd7 56. Rxd7 Kxd7 57. Kg3 Ke7 58. Kf4 Kf6 59. f3 Kf7 60. Ke5 Ke7 61. h5 gxh5 62. Kxf5 Kf7 63. Kg5 Ke6 64. f4 h4 65. Kxh4 Kf5 66. Kg3 Kf6 67. Kf3 Kf5 68. Ke3 Kf6 69. Ke4 Ke6 70. f5+ Kf6 71. Kf4 Kf7 72. Ke5 Ke7 1/2-1/2

[Event "Halifax Summer op"]
[Site "Halifax CAN"]
[Date "2019.06.30"]
[Round "5.4"]
[White "Bardsley, David"]
[Black "Turner, Peter"]
[Result "0-1"]
[ECO "E81"]
[WhiteElo "1566"]
[BlackElo "1978"]
[PlyCount "70"]
[EventDate "2019.05.28"]
[EventType "swiss"]
[EventRounds "5"]
[EventCountry "CAN"]
[TimeControl "2+30"]

1. d4 Nf6 2. c4 g6 3. Nc3 Bg7 4. e4 d6 5. f3 Nbd7 6. Be3 O-O 7. Qd2 c5 8. d5 a6 9. Nh3 Re8 10. Nf2 b5 11. cxb5 axb5 12. Bxb5 Ba6 13. Bxa6 Rxa6 14. O-O Nb6 15. b3 Nfd7 16. Qe2 Qa8 17. Bd2 Rc8 18. a4 c4 19. bxc4 Nxc4 20. Rac1 Nxd2 21. Qxd2 Nc5 22. Rb1 Nxa4 23. Nxa4 Rxa4 24. Rbc1 h6 25. Rxc8+ Qxc8 26. g4 Rc4 27. Qd1 Qc5 28. Kg2 Rc2 29. Kg1 Bd4 30. Qe1 Bxf2+ 31. Rxf2 Rc1 32. Qxc1 Qxc1+ 33. Kg2 e6 34. dxe6 fxe6 35. Rf1 Qc4 0-1

[Event "Nova Scotia Closed "]
[Site "Halifax CAN"]
[Date "2019.07.05"]
[Round "1.1"]
[White "Langen, Roger"]
[Black "Gonzalez-Cueto, Jose"]
[Result "1-0"]
[ECO "C24"]
[WhiteElo "2125"]
[BlackElo "2085"]
[PlyCount "57"]
[EventDate "2019.07.05"]
[EventType "tourn"]
[EventRounds "5"]
[EventCountry "CAN"]
[TimeControl "30/90+45:0"]

1. e4 e5 2. Bc4 Nf6 3. d3 d5 4. exd5 Nxd5 5. Nf3 Nc6 6. O-O Bc5 7. Re1 O-O 8. Nbd2 Bg4 9. h3 Bh5 10. c3 a6 11. Ne4 Ba7 12. Bg5 f6 13. Bh4 Kh8 14. g4 Bg6 15. Bg3 Qd7 16. Nh4 Bf7 17. Kh2 Rad8 18. Qe2 Na5 19. Rad1 Qc6 20. Bxd5 Qxd5 21. Nf5 Rfe8 22. Bh4 Qe6 23. Nxg7 Kxg7 24. Bxf6+ Kg8 25. Qd2 Bg6 26. Qg5 Rd7 27. h4 Rf7 28. h5 Rxf6 29. Nxf6+ 1-0

[Event "Nova Scotia Closed "]
[Site "Halifax CAN"]
[Date "2019.07.05"]
[Round "1.2"]
[White "Mayo, Alvah"]
[Black "Younis, Tallal"]
[Result "1-0"]
[ECO "B07"]
[WhiteElo "2163"]
[BlackElo "2154"]
[PlyCount "61"]
[EventDate "2019.07.05"]
[EventType "tourn"]
[EventRounds "5"]
[EventCountry "CAN"]
[TimeControl "30/90+45:0"]

1. e4 d6 2. d4 Nf6 3. Nc3 g6 4. Be3 a6 5. f3 b5 6. Qd2 Nbd7 7. Nge2 Nb6 8. Nc1 Nc4 9. Bxc4 bxc4 10. Qe2 d5 11. O-O c6 12. e5 Nd7 13. b3 Nb6 14. Qd2 h5 15. N1e2 h4 16. f4 Bf5 17. Nd1 a5 18. Nf2 Qc8 19. Kh1 h3 20. Rg1 hxg2+ 21. Rxg2 e6 22. Ng3 Bh3 23. Nxh3 Rxh3 24. Ne2 Be7 25. Rag1 Kd7 26. f5 gxf5 27. Rg7 Rxh2+ 28. Kxh2 Qh8+ 29. Bh6 Bf8 30. Rxf7+ Ke8 31. Rxf8+ 1-0

[Event "Nova Scotia Closed "]
[Site "Halifax CAN"]
[Date "2019.07.05"]
[Round "1.3"]
[White "Charlton, Glenn"]
[Black "Felix, Chris"]
[Result "1-0"]
[ECO "A47"]
[WhiteElo "2052"]
[BlackElo "2031"]
[PlyCount "49"]
[EventDate "2019.07.05"]
[EventType "tourn"]
[EventRounds "5"]
[EventCountry "CAN"]
[TimeControl "30/90+45:0"]

1. d4 Nf6 2. Bf4 e6 3. e3 c5 4. Nd2 Nc6 5. Ngf3 b6 6. c3 Bb7 7. Bd3 Be7 8. h3 O-O 9. O-O Rc8 10. a4 d6 11. Bh2 Re8 12. Qe2 Bf8 13. Rad1 cxd4 14. exd4 e5 15. dxe5 dxe5 16. Bf5 Rc7 17. Ne4 Nd7 18. Nfg5 g6 19. Bxd7 Nd4 20. cxd4 Rxd7 21. dxe5 Ba6 22. Qf3 Bg7 23. Rxd7 Qxd7 24. Rd1 Qe7 25. Nd6 1-0

[Event "Nova Scotia Closed "]
[Site "Halifax CAN"]
[Date "2019.07.06"]
[Round "2.1"]
[White "Gonzalez-Cueto, Jose"]
[Black "Mayo, Alvah"]
[Result "0-1"]
[ECO "B21"]
[WhiteElo "2085"]
[BlackElo "2163"]
[PlyCount "34"]
[EventDate "2019.07.05"]
[EventType "tourn"]
[EventRounds "5"]
[EventCountry "CAN"]
[TimeControl "30/90+45:0"]

1. d4 c5 2. e4 cxd4 3. Qxd4 Nc6 4. Qa4 g6 5. Nf3 Bg7 6. Be2 d6 7. O-O Bd7 8. Qb3 Nf6 9. Nc3 Rb8 10. Re1 O-O 11. a4 Be6 12. Qb5 a6 13. Qg5 h6 14. Qg3 Qa5 15. Nh4 Nxe4 16. Nxe4 Qxe1+ 17. Bf1 Qxe4 0-1

[Event "Nova Scotia Closed "]
[Site "Halifax CAN"]
[Date "2019.07.06"]
[Round "2.2"]
[White "Charlton, Glenn"]
[Black "Langen, Roger"]
[Result "1/2-1/2"]
[ECO "D02"]
[WhiteElo "2052"]
[BlackElo "2125"]
[PlyCount "79"]
[EventDate "2019.07.05"]
[EventType "tourn"]
[EventRounds "5"]
[EventCountry "CAN"]
[TimeControl "30/90+45:0"]

1. d4 Nf6 2. Bf4 Nh5 3. Bd2 Nf6 4. Nf3 d5 5. Bf4 c5 6. e3 Nc6 7. Nbd2 e6 8. c3 Bd6 9. Bg3 O-O 10. Bd3 b6 11. Qe2 Bb7 12. Rd1 Rc8 13. e4 Be7 14. e5 Nh5 15. a3 g6 16. Nf1 c4 17. Bc2 b5 18. Ne3 a5 19. Ng4 b4 20. Qe3 Kh8 21. a4 b3 22. Bb1 Nb8 23. Bf4 Nd7 24. Bh6 Rg8 25. Bg5 f5 26. exf6 Nhxf6 27. Nh6 Rf8 28. Qxe6 Qe8 29. O-O Rc6 30. Qe3 Bd8 31. Rfe1 Qxe3 32. Rxe3 Kg7 33. Rde1 Bc8 34. h3 Nb6 35. Re7+ Bxe7 36. Rxe7+ Kh8 37. Nf7+ Kg8 38. Nh6+ Kh8 39. Nf7+ Kg8 40. Nh6+ 1/2-1/2

[Event "Nova Scotia Closed "]
[Site "Halifax CAN"]
[Date "2019.07.06"]
[Round "2.3"]
[White "Felix, Chris"]
[Black "Younis, Tallal"]
[Result "1/2-1/2"]
[ECO "B09"]
[WhiteElo "2031"]
[BlackElo "2154"]
[PlyCount "66"]
[EventDate "2019.07.05"]
[EventType "tourn"]
[EventRounds "5"]
[EventCountry "CAN"]
[TimeControl "30/90+45:0"]

1. e4 d6 2. d4 Nf6 3. Nc3 g6 4. f4 Bg7 5. Nf3 c5 6. Bb5+ Bd7 7. e5 Ng4 8. e6 fxe6 9. Ng5 Bxb5 10. Nxe6 Bxd4 11. Nxb5 Qa5+ 12. Qd2 Bf2+ 13. Kd1 Ne3+ 14. Ke2 Qxb5+ 15. Kxf2 Ng4+ 16. Kg3 Kd7 17. Kxg4 Kxe6 18. Re1+ Kd7 19. Qd5 Nc6 20. a4 Qa5 21. Bd2 Qd8 22. b4 cxb4 23. Bxb4 Qf8 24. Bc3 Rg8 25. Kf3 Rc8 26. Rab1 Rb8 27. g3 Qf5 28. Rxb7+ Rxb7 29. Qxg8 Qxc2 30. Qe6+ Kd8 31. Qg8+ Kd7 32. Qe6+ Kd8 33. Qc4 Kd7 1/2-1/2

[Event "Nova Scotia Closed "]
[Site "Halifax CAN"]
[Date "2019.07.06"]
[Round "3.1"]
[White "Younis, Tallal"]
[Black "Gonzalez-Cueto, Jose"]
[Result "1-0"]
[ECO "C24"]
[WhiteElo "2154"]
[BlackElo "2085"]
[PlyCount "81"]
[EventDate "2019.07.05"]
[EventType "tourn"]
[EventRounds "5"]
[EventCountry "CAN"]
[TimeControl "30/90+45:0"]

1. e4 e5 2. Bc4 Nf6 3. d3 d5 4. exd5 Nxd5 5. Nf3 Nc6 6. h3 Bc5 7. O-O O-O 8. Re1 Kh8 9. Nxe5 Be6 10. Nxc6 bxc6 11. Bb3 Qf6 12. Rf1 Qg6 13. Qf3 f5 14. Nc3 Rad8 15. Nxd5 cxd5 16. Bf4 c6 17. Rfe1 Rde8 18. Re2 Bd7 19. Rae1 Rxe2 20. Rxe2 h6 21. c3 Re8 22. d4 Be7 23. Bc2 Bf6 24. Bd3 Qf7 25. Bd6 g6 26. Bc5 a5 27. Bb6 Ra8 28. Bc7 Kh7 29. g3 Kg7 30. h4 h5 31. Qf4 a4 32. a3 Re8 33. Be5 Bxe5 34. Rxe5 Re6 35. Bc2 c5 36. dxc5 Qe8 37. Rxe6 Qxe6 38. Bxa4 Bxa4 39. Qxa4 Kh6 40. c6 Qe7 41. Qf4+ 1-0

[Event "Nova Scotia Closed "]
[Site "Halifax CAN"]
[Date "2019.07.06"]
[Round "3.2"]
[White "Langen, Roger"]
[Black "Felix, Chris"]
[Result "1-0"]
[ECO "B21"]
[WhiteElo "2125"]
[BlackElo "2031"]
[PlyCount "79"]
[EventDate "2019.07.05"]
[EventType "tourn"]
[EventRounds "5"]
[EventCountry "CAN"]
[TimeControl "30/90+45:0"]

1. e4 c5 2. Be2 d6 3. f4 Nc6 4. Nf3 g6 5. O-O Bg7 6. c3 e6 7. Qe1 Nge7 8. d3 b5 9. Be3 b4 10. d4 bxc3 11. bxc3 cxd4 12. cxd4 Qb6 13. Qd2 Ba6 14. d5 Qb4 15. Bxa6 Bxa1 16. dxc6 Nxc6 17. Qc2 Nd4 18. Nxd4 Bxd4 19. Qc6+ Ke7 20. Qc7+ Kf6 21. Bxd4+ Qxd4+ 22. Kh1 Rhf8 23. Nc3 Rab8 24. Rd1 Qc5 25. e5+ Kg7 26. exd6 Qf2 27. d7 Rb2 28. Bf1 Rd2 29. Rb1 Qd4 30. Bb5 Rc2 31. Ne2 Qe4 32. Qe5+ Qxe5 33. fxe5 Rd2 34. Nc3 Rc2 35. Ne4 a6 36. Bxa6 Rxa2 37. Bc8 Re2 38. Nd6 Kg8 39. Rd1 Rc2 40. Ne8 1-0

[Event "Nova Scotia Closed "]
[Site "Halifax CAN"]
[Date "2019.07.06"]
[Round "3.3"]
[White "Mayo, Alvah"]
[Black "Charlton, Glenn"]
[Result "1-0"]
[ECO "B23"]
[WhiteElo "2163"]
[BlackElo "2052"]
[PlyCount "51"]
[EventDate "2019.07.05"]
[EventType "tourn"]
[EventRounds "5"]
[EventCountry "CAN"]
[TimeControl "30/90+45:0"]

1. e4 c5 2. Nc3 g6 3. f4 Bg7 4. Nf3 Nc6 5. Bb5 Nd4 6. Bd3 d6 7. Nxd4 cxd4 8. Ne2 Nf6 9. c3 dxc3 10. dxc3 O-O 11. O-O b6 12. Ng3 Bb7 13. Qe2 Nd7 14. Rd1 Qc7 15. Be3 Nc5 16. Bc2 Rad8 17. Rac1 e5 18. f5 d5 19. Qf2 Nxe4 20. Nxe4 dxe4 21. f6 Bh8 22. g4 g5 23. Bxg5 e3 24. Qf5 e4 25. Bxe3 Rfe8 26. Bh6 1-0

[Event "Nova Scotia Closed "]
[Site "Halifax CAN"]
[Date "2019.07.07"]
[Round "4.1"]
[White "Charlton, Glenn"]
[Black "Gonzalez-Cueto, Jose"]
[Result "0-1"]
[ECO "E61"]
[WhiteElo "2052"]
[BlackElo "2085"]
[PlyCount "82"]
[EventDate "2019.07.05"]
[EventType "tourn"]
[EventRounds "5"]
[EventCountry "CAN"]
[TimeControl "30/90+45:0"]

1. d4 Nf6 2. Bf4 g6 3. e3 Bg7 4. Nf3 b6 5. Be2 Bb7 6. O-O O-O 7. h3 d6 8. c4 Nbd7 9. Nc3 Re8 10. Qc2 e5 11. Bh2 e4 12. Nd2 Qe7 13. b4 c6 14. c5 dxc5 15. bxc5 bxc5 16. Rab1 Bc8 17. Nb3 cxd4 18. Nxd4 Nd5 19. Na4 N7b6 20. Nxc6 Qg5 21. Kh1 Bd7 22. Nxb6 axb6 23. Nd4 Rec8 24. Qd2 Nc3 25. Rb2 Nxe2 26. Qxe2 Ra5 27. Rxb6 Bxd4 28. exd4 Bb5 29. Rxb5 Qxb5 30. Qxb5 Rxb5 31. Bd6 Rc2 32. a4 Rbb2 33. Kg1 f5 34. Bf4 Ra2 35. g3 Rxa4 36. Be3 Rca2 37. h4 Ra1 38. Rxa1 Rxa1+ 39. Kg2 Kf7 40. Kh2 Ke6 41. Kg2 Kd5 0-1

[Event "Nova Scotia Closed "]
[Site "Halifax CAN"]
[Date "2019.07.07"]
[Round "4.2"]
[White "Felix, Chris"]
[Black "Mayo, Alvah"]
[Result "1/2-1/2"]
[ECO "B06"]
[WhiteElo "2031"]
[BlackElo "2163"]
[PlyCount "132"]
[EventDate "2019.07.05"]
[EventType "tourn"]
[EventRounds "5"]
[EventCountry "CAN"]
[TimeControl "30/90+45:0"]

1. e4 g6 2. d4 Bg7 3. Nc3 c5 4. dxc5 Bxc3+ 5. bxc3 Nf6 6. Bd3 Qa5 7. Ne2 Nc6 8. Bh6 Ng4 9. Bf4 Qxc5 10. Bg3 d6 11. Qd2 Bd7 12. f3 Nf6 13. Bf2 Qa5 14. Bc4 Rc8 15. Bb3 b6 16. h4 Ne5 17. Bd4 Bb5 18. Nf4 Ned7 19. Nd5 e5 20. c4 Qxd2+ 21. Kxd2 Nxd5 22. cxb5 Nc7 23. Be3 Nxb5 24. a4 Nc7 25. a5 Nc5 26. axb6 axb6 27. Rhb1 O-O 28. Bc4 Rb8 29. Ra7 Rfc8 30. h5 gxh5 31. Rh1 N7e6 32. Rxh5 Nxe4+ 33. Kd3 N6c5+ 34. Bxc5 Nxc5+ 35. Ke3 Rb7 36. Rxb7 Nxb7 37. Bxf7+ Kxf7 38. Rxh7+ Ke6 39. Rxb7 Rc7 40. c4 Rxc4 41. Rxb6 Rc2 42. Ra6 Rxg2 43. Kd3 Rb2 44. Ke3 Kd5 45. Ra4 Kc5 46. f4 Rb3+ 47. Kd2 exf4 48. Rxf4 d5 49. Rh4 d4 50. Rh8 Rb5 51. Rh5+ Kc4 52. Rxb5 Kxb5 53. Kd3 Kc5 54. Kd2 Kd6 55. Kd3 Kd5 56. Kd2 Ke4 57. Ke2 d3+ 58. Kd2 Kd4 59. Kd1 Ke5 60. Kd2 Ke4 61. Kd1 Ke3 62. Ke1 Kf4 63. Kd2 Ke4 64. Kd1 Ke3 65. Ke1 d2+ 66. Kd1 Kd3 1/2-1/2

[Event "Nova Scotia Closed "]
[Site "Halifax CAN"]
[Date "2019.07.07"]
[Round "4.3"]
[White "Younis, Tallal"]
[Black "Langen, Roger"]
[Result "1-0"]
[ECO "B03"]
[WhiteElo "2154"]
[BlackElo "2125"]
[PlyCount "101"]
[EventDate "2019.07.05"]
[EventType "tourn"]
[EventRounds "5"]
[EventCountry "CAN"]
[TimeControl "30/90+45:0"]

1. e4 Nf6 2. e5 Nd5 3. c4 Nb6 4. d4 d6 5. exd6 cxd6 6. Nc3 g6 7. Be3 Bg7 8. Rc1 Nc6 9. b3 Bf5 10. Nf3 O-O 11. Be2 Re8 12. h3 a5 13. Qd2 e5 14. d5 Nb4 15. O-O Bd7 16. Ne4 Nc8 17. a3 Na6 18. c5 Nxc5 19. Nxc5 dxc5 20. Bxc5 b6 21. Be3 Nd6 22. Rc2 Bf5 23. Rc6 Ne4 24. Qd1 Rb8 25. a4 Bd7 26. Rc1 Bf8 27. Nd2 Nxd2 28. Qxd2 Bb4 29. Qa2 Qe7 30. Rfd1 Qd6 31. Bc4 f5 32. Bd2 Ba3 33. Ra1 Bc5 34. Bc3 Re7 35. Qd2 f4 36. Re1 Rf8 37. Bd3 Bf5 38. Be4 h5 39. Rad1 Bxe4 40. Rxe4 Rf5 41. Qd3 f3 42. g3 Rg5 43. Kf1 Rf7 44. Qb5 Rd7 45. g4 hxg4 46. hxg4 Bb4 47. Bxb4 axb4 48. Qd3 Rh7 49. Qxf3 Rh4 50. Rc4 Qd7 51. d6 1-0